 Dungeon Crawl Stone Soup version 0.31-a0-771-g505c3d19dc (webtiles) character file.

Game seed: 7455917838879528822

4 cforsyth the Sneak (level 1, 0/20 HPs)
             Began as a Djinni Delver on Sept 16, 2023.
             Slain by an orc
             ... wielding a +0 morningstar
              (9 damage)
             ... on level 5 of the Dungeon.
             The game lasted 00:00:12 (47 turns).

cforsyth the Sneak (Djinni Delver)                    Turns: 47, Time: 00:00:13

Health: 0/20       AC:  3    Str: 11    XL:     1   Next: 66%
Gold:   0          EV: 12    Int: 11    God:
                   SH:  0    Dex: 14

rFire   + + .        a - +0 falchion
rCold   x . .        (no shield)
rNeg    . . .        b - +0 leather armour
rPois   ∞            (no helmet)
rElec   .            (no cloak)
rCorr   .            (no gloves)
SInv    .            (boots unavailable)
Will    .....        (no amulet)
Stlth   ++           (no ring)
HPRegen 0.23/turn    (no ring)
MPRegen 0.00/turn

%: infuse magic (-1 HP)
@: flying
A: sickness immunity, fire resistance 2, cold vulnerability 1, float, innate
caster, HP casting, extra vitality 1
a: no special abilities


You were on level 5 of the Dungeon.
You visited 1 branch of the dungeon, and saw 1 of its levels.

Inventory:

Hand Weapons
 a - a +0 falchion (weapon)
Armour
 b - a +0 leather armour (worn)
Wands
 g - a wand of digging (3)
Scrolls
 c - a scroll of fog
 d - a scroll of revelation
 e - a scroll of fear
Potions
 f - a potion of haste


   Skills:
 + Level 3.1 Fighting
 - Level 1.7 Long Blades
 - Level 2.1 Dodging
 - Level 4.1 Stealth
 + Level 0.2 Spellcasting
 + Level 0.2 Conjurations
 + Level 0.2 Hexes
   Level 0.0 Charms
 + Level 0.2 Summonings
 + Level 0.2 Necromancy
 + Level 0.2 Translocations
 + Level 0.2 Transmutations
 + Level 0.2 Fire Magic
 + Level 0.2 Ice Magic
 + Level 0.2 Air Magic
 + Level 0.2 Earth Magic
 + Level 0.2 Poison Magic You didn't know any spells. Your spell library was empty.

Dungeon Overview and Level Annotations

Branches:
Dungeon (5/15)
 Temple: D:4-7

Altars:


Innate Abilities, Weirdness & Mutations

You are immune to sickness and miasma.
You are immune to poison.
Your flesh is very heat resistant. (rF++)
You are vulnerable to cold. (rC-)
You float through the air rather than walking.
You learn spells naturally, not from books.
Your magical power is your life essence.
You have superior vitality. (+4 MHP)


Message History

Deactivating autopickup; reactivate with Ctrl-A.
The orc shouts!
You hear a shout!
You hit the orc.
The orc is almost dead.
You hear a shout!
Something hits you but does no damage. The orc barely misses you.
An orc comes into view.
It is wielding a +2 dagger of holy wrath.
You closely miss the orc.
The orc is almost dead.
The orc misses you. Something hits you.
You hit the orc.
You kill the orc!
Something hits you but does no damage.
You hit the orc.
The orc is moderately wounded.
The orc hits you with a +2 dagger of holy wrath.
You closely miss the orc.
The orc is lightly wounded.
An orc comes into view. It is wielding a +0 morningstar.
You slash the orc!
You kill the orc!
No target in view!
No target in view!
No target in view!
No target in view!
No target in view!
No target in view!
No target in view!
No target in view!
You closely miss something. Something hits you.
You hit something but do no damage.
You hear some strange, mumbled words.
Something tries to affect you, but you resist.
You hear some strange, mumbled words.
A magic dart appears from out of thin air!
The magic dart hits you.
You barely miss something. You completely miss the orc.
Something completely misses you. The orc hits you with a +0 morningstar!
You die...

#....#
#..# #....
#..# #..#
#..# #..#
#..#
#######..#
.........#
######@##
#)o..#
######


You could see an orc.

Vanquished Creatures
  2 orcs (D:5)
2 creatures vanquished.

Notes
Turn   | Place    | Note
-------+----------+-------------------------------------------
     0 | D:5      | cforsyth the Djinni Delver began the quest for the Orb.
     0 | D:5      | Reached XP level 1. HP: 20/20 MP: 0/0
     7 | D:5      | Noticed an orc priest
    36 | D:5      | Noticed an orc wizard
    47 | D:5      | Slain by an orc

Illustrated notes

Levels and vault maps discovered:
D:5:      layout_basic, minmay_temple_entry_poolview, uniq_ijyb

Action                     || total
---------------------------++-------
  Melee: Falchion          ||    11
   Stab: Sleeping          ||     1
 Armour: Leather armour    ||     7
  Dodge: Dodged            ||     3

Table legend: (Time is in decaauts)
 A = Elapsed time spent in this place.
 B = Non-inter-level travel time spent in this place.
 C = Inter-level travel time spent in this place.
 D = Time resting spent in this place.
 E = Time spent auto-exploring this place.
 F = Levels seen in this place.
 G = Mean time per level.
                   A        B        C        D        E       F      G
               +--------+--------+--------+--------+--------+-----+--------+
         Total |     49 |     49 |      0 |      0 |      7 |   1 |   49.0 |
       Dungeon |     49 |     49 |      0 |      0 |      7 |   1 |   49.0 |
               +--------+--------+--------+--------+--------+-----+--------+

Top non-repeatable levels by time:
     D:5: 49 daAuts
